 Dungeon Crawl Stone Soup version 0.32-a0-135-g14f8b2e1af (webtiles) character file.

Game seed: 12768132686637308803

121543 Ichorid the Imperceptible (level 16, -4/88 HPs)
             Began as a Spriggan Enchanter on Feb 10, 2024.
             Was an Initiate of Gozag.
             Killed by angry trees
             ... awakened by a spriggan druid
              (11 damage)
             ... on level 3 of the Swamp on Feb 11, 2024.
             The game lasted 01:15:11 (36814 turns).

Ichorid the Imperceptible (Spriggan Enchanter)     Turns: 36814, Time: 01:15:11

Health: -4/88      AC:  8    Str:  4    XL:     16   Next: 32%
Magic:  26/26      EV: 49    Int: 23    God:    Gozag
Gold:   2246       SH:  0    Dex: 21    Spells: 22/27 levels left

rFire   . . .        Q - +6 dagger "Unlepp" {vamp, rF+}
rCold   . . .        (no shield)
rNeg    . . .        I - +4 robe "Goeliar" {rF- Int+4}
rPois   +            J - +2 hat
rElec   .            j - scarf {repulsion}
rCorr   .            (gloves unavailable)
SInv    +            (boots unavailable)
Will    ++...        k - amulet of the acrobat
Stlth   +++++++++    G - ring of flight
HPRegen 0.34/turn    F - ring of poison resistance
MPRegen 0.20/turn

%: repel missiles, acrobat
@: acrobatic, flying, studying Fire Magic, very quick
A: very small, no large weapons, unfitting armour, see invisible, speed 3
a: Renounce Religion, Potion Petition, Call Merchant, Bribe Branch


You were on level 3 of the Swamp.
You worshipped Gozag.
Gozag was most pleased with you.
You visited 5 branches of the dungeon, and saw 26 of its levels.
You also visited: Sewer, Ossuary and Gauntlet.

You collected 6721 gold pieces.
You spent 602 gold pieces at shops.
You paid 3873 gold pieces to Gozag.

Inventory:

Hand Weapons
 r - a +1 rapier
 Q - the +6 dagger "Unlepp" (weapon) {vamp, rF+}
   (You took it off an orc on level 10 of the Dungeon)

   rF+:       It protects you from fire.
Missiles
 O - 2 curare-tipped darts
 W - 5 throwing nets
Armour
 j - a scarf of repulsion (worn)
 l - +0 steam dragon scales
 B - a scarf of resistance
 I - the +4 robe "Goeliar" (worn) {rF- Int+4}
   (You found it on level 6 of the Dungeon)

   Int+4:     It affects your intelligence (+4).
   rF-:       It makes you vulnerable to fire.
 J - a +2 hat (worn)
 Y - a +0 troll leather armour
Jewellery
 d - a ring of positive energy
 k - an amulet of the acrobat (around neck)
 m - a ring of positive energy
 C - a ring of positive energy
 D - a +6 ring of dexterity
 F - a ring of poison resistance (right hand)
 G - a ring of flight (left hand)
 N - a ring of positive energy
 P - a +4 ring of slaying
 S - a ring of wizardry
Wands
 c - a wand of quicksilver (13)
 v - a wand of digging (7)
Scrolls
 b - 2 scrolls of butterflies
 f - 5 scrolls of vulnerability {!r}
 g - 4 scrolls of identify {@r1}
 h - 4 scrolls of poison
 i - 3 scrolls of enchant armour
 n - 8 scrolls of immolation
 o - 6 scrolls of enchant weapon
 p - 3 scrolls of torment
 u - a scroll of fog {@r2}
 y - a scroll of blinking {@r4}
 z - 3 scrolls of teleportation {@r3}
 U - a scroll of silence {!r}
 Z - 6 scrolls of amnesia
Potions
 a - a potion of invisibility
 e - 5 potions of brilliance
 q - 2 potions of resistance
 t - 2 potions of berserk rage
 w - 3 potions of enlightenment {unknown}
 x - 3 potions of attraction {unknown}
 A - 4 potions of ambrosia {unknown}
 E - 10 potions of curing {@q2}
 H - 5 potions of might {unknown}
 K - 3 potions of haste {unknown}
 M - 4 potions of mutation {unknown}
 R - a potion of cancellation {unknown}
 T - 6 potions of lignification {unknown}
Miscellaneous
 V - a condenser vane
 X - a phial of floods (inert)


   Skills:
 + Level 11.9 Fighting
 - Level 10.0 Short Blades
 + Level 17.8 Dodging
 - Level 25.0 Stealth
 - Level 6.0 Spellcasting
 - Level 10.0 Hexes
 * Level 11.4 Shapeshifting


You had 22 spell levels left.
You knew the following spells:

 Your Spells              Type           Power      Damage    Failure   Level
c - Confusing Touch       Hex            52%        N/A       1%          3
e - Ensorcelled Hibernat  Hex/Ice        58%        N/A       1%          2

Your spell library contained the following spells:

 Spells                   Type           Power      Damage    Failure   Level
 Tukima's Dance           Hex            52%        N/A       1%          3
 Dazzling Flash           Conj/Hex       58%        N/A       3%          3
 Necrotise                Necr           24%        1d5       9%          1
 Sandblast                Erth           12%        2d6       9%          1
 Summon Small Mammal      Summ           24%        N/A       9%          1
 Cigotuvi's Dreadful Rot  Necr/Alch/Air  12%        N/A       13%         2
 Call Canine Familiar     Summ           6%         N/A       26%         3
 Passwall                 Erth           6%         N/A       26%         3
 Stone Arrow              Conj/Erth      12%        3d7       26%         3
 Vampiric Draining        Necr           6%         2d6       26%         3
 Volatile Blastmotes      Fire/Tloc      12%        2d11      26%         3
 Brom's Barrelling Bould  Conj/Erth      6%         2d3       63%         4
 Ignite Poison            Fire/Alch      6%         N/A       63%         4
 Martyr's Knell           Necr/Summ      6%         N/A       63%         4
 Olgreb's Toxic Radiance  Alch           6%         N/A       63%         4
 Sticky Flame             Fire/Alch      6%         2d4       63%         4
 Summon Blazeheart Golem  Fire/Summ      6%         N/A       63%         4
 Borgnjor's Vile Clutch   Necr/Erth      3%         N/A       93%         5
 Curse of Agony           Necr           6%         N/A       93%         5
 Freezing Cloud           Conj/Ice/Air   3%         6-21      93%         5
 Iskenderun's Battlesphe  Conj           6%         2d6       93%         5
 Bombard                  Conj/Erth      3%         9d1       100%        6
 Death Channel            Necr           3%         N/A       100%        6
 Starburst                Conj/Fire      3%         6d3       100%        6
 Ozocubu's Refrigeration  Ice            3%         4d8       100%        7
 Spellforged Servitor     Conj/Summ      3%         N/A       100%        7
 Discord                  Hex            26%        N/A       100%        8
 Ignition                 Fire           3%         3d4       100%        8
 Maxwell's Capacitive Co  Air            3%         ∞         100%        8
 Animate Dead             Necr           Unusable   N/A       N/A         4

Dungeon Overview and Level Annotations

Branches:
Dungeon (15/15)            Temple (1/1) D:4            Lair (5/5) D:8
  Swamp (3/4) Lair:2        Snake (0/4) Lair:3        Slime (0/5) Lair:5
    Orc (2/2) D:12            Elf (0/3) Orc:2        Vaults (0/5) D:14
 Depths (0/4) D:15          Sewer (visited)         Ossuary (visited)
Gauntlet (visited)

Altars:
Ashenzari
Cheibriados
Dithmenos
Elyvilon
Fedhas
Gozag
Hepliaklqana
Kikubaaqudgha
Makhleb
Nemelex Xobeh
Okawaru
Qazlal
Ru
Sif Muna
Trog
Uskayaw
Vehumet
Wu Jian
Xom
Yredelemnul
Zin
The Shining One

Shops:
D:9 [[   D:12 =:([(   Orc:2 ([*=

Portals:
Hell: Lair:5

Annotations:
Swamp:3 2 transporters, lurch's ghost, adept OnFE


Innate Abilities, Weirdness & Mutations

You are very small and have problems with some larger weapons.
You are too small for most types of armour.
You have supernaturally acute eyesight. (SInv)
You cover ground extremely quickly. (Speed+++)


Message History

A root smacks you from below!
The spriggan druid gestures at you while chanting.
The stone arrow misses you.
You see here a minotaur skeleton.
A spriggan druid is nearby!
Tree limbs sway around you.
You are hit by a branch!
Trunks creak and shift.
You are waved at by a branch.
You feel roots moving beneath the ground.
Things that are here:
a +0 quarterstaff; a +0 robe A spriggan druid is nearby!
Your hands stop glowing.
You feel roots moving beneath the ground.
You see here an ogre skeleton.
A spriggan druid is nearby!
You see here a troll skeleton.
You feel roots moving beneath the ground.
A tree reaches out and hits you! Tree limbs sway around you.
A root smacks you from below!
* * * LOW HITPOINT WARNING * * *
A tree reaches out but misses you.
You see here a troll skeleton.
The forest calms down.
The spriggan druid casts a spell.
The forest starts to sway and rumble!
Things that are here:
a +0 quarterstaff; a +0 robe You see here an ogre skeleton.
You see here a +1 hat.
A spriggan druid is nearby!
A tree reaches out and hits you!
* * * LOW HITPOINT WARNING * * *
A tree reaches out but misses you.
You see here a troll skeleton.
You are hit by a branch!
You die...
Your body crumbles into a pile of gold.

♣♣♣♣♣♣♣♣♣♣♣♣♣♣♣♣♣♣♣
~.♣♣~♣.♣~♣..♣.♣~♣.♣♣
.~~.~...§~.~~.~~~..♣♣
.....♣.......~~.♣~.~♣
..~~♣..##♣♣#####♣♣.♣♣
~♣~~~§.'.÷.....÷.#..♣
♣....~~#####♣##♣.#~.♣
.......#...)i..#@#.♣♣
~.~.~~(#.#####.♣.#♣♣
...~~.~♣÷♣÷| #.#÷♣
..~....♣.#.# #.#.#
.~~~...#.#.# #i#.#
~.§.♣..#.#.# #.♣.#
...~♣♣.#.#t♣ #÷#[#
....§♣♣#i#$# #.#i#
~.♣.♣♣ ♣.#.###.#.#


You could see a spriggan druid.

Vanquished Creatures
  Rupert (Lair:5)
  A fenstrider witch (Swamp:2)
  An orc warlord (Orc:1)
  2 bunyips
  A minotaur (Gauntlet)
  3 eleionomae
  14 hydras
  A fire dragon (D:15)
  An ice dragon (D:15)
  2 ogre magi (D:15)
  Erica (D:11)
  A spriggan air mage (Swamp:2)
  5 centaur warriors (D:15)
  6 alligators
  3 boulder beetles
  11 two-headed ogres
  7 ghost crabs
  A tengu warrior (D:15)
  4 death yaks
  Urug (Lair:1)
  3 orc high priests (Orc:2)
  An occultist (Lair:5)
  A spriggan (Swamp:3)
  A fire crab (Lair:3)
  A skyshark (Lair:1)
  7 goliath frogs
  2 spriggan druids (Swamp:3)
  A swamp dragon (Swamp:2)
  A sixfirhy (Lair:5)
  3 large abominations (Gauntlet)
  A steelbarb worm (shapeshifter) (D:14)
  The ghost of Mll the Trooper, a novice GrFi of Okawaru (D:8)
  Pikel (D:7)
  2 bog bodies
  A lindwurm (Lair:1)
  A deep elf pyromancer (D:13)
  An ugly thing (D:13)
  4 cyclopes
  6 orc sorcerers
  6 orc knights
  3 will-o-the-wisps
  3 manticores
  3 moths of wrath
  2 kobold blastminers (Orc:2)
  6 elephants
  3 meliai (Gauntlet)
  5 black mambas
  2 apocalypse crabs (Swamp:3)
  11 centaur zombies (D:12)
  A torpor snail (Lair:2)
  A smoke demon (Lair:5)
  3 gargoyles
  A kobold demonologist (D:12)
  2 orange demons (Lair:5)
  An unseen horror (shapeshifter) (D:14)
  An unseen horror (D:12)
  A freezing wraith (D:14)
  6 rime drakes
  15 cane toads
  An efreet (D:15)
  2 ice devils (Lair:5)
  A yaktaur (shapeshifter) (D:14)
  A red devil (Lair:5)
  12 komodo dragons
  4 tyrant leeches
  3 polar bears
  Prince Ribbit (D:7)
  5 trolls
  5 blink frogs (Lair:4)
  4 hornets
  Grinder (D:5)
  6 shadows
  3 meliai zombies (D:12)
  A centaur simulacrum (D:15)
  A vampire (D:12)
  6 small abominations (Gauntlet)
  41 yaks
  2 water elementals (D:12)
  4 wyverns
  6 wargs
  5 wraiths (D:12)
  6 basilisks
  3 steam dragons
  10 vampire mosquitoes
  Edmund (D:5)
  3 nagas (Lair:3)
  10 swamp worms
  4 acid dragons
  3 hell hounds (Lair:5)
  14 water moccasins
  2 swamp drakes (Swamp:2)
  31 orc warriors
  3 black bears
  4 laughing skulls
  13 centaurs
  8 wolves
  10 ogres
  A phantom (D:6)
  A lemure (D:7)
  A kobold brigand (D:8)
  4 gnoll sergeants
  16 bullfrogs
  3 scorpions
  3 wights (D:10)
  5 killer bees (D:9)
  3 electric eels
  6 howler monkeys
  2 bombardier beetles (D:5)
  3 jellies
  3 quasits (D:8)
  4 bullfrog zombies (Ossuary)
  2 hounds
  26 orc priests
  2 sleepcaps (D:6)
  3 iguanas
  Ijyb (D:3)
  Natasha (thrice) (D:4)
  2 boggart zombies (D:12)
  34 orc wizards
  4 crocodile zombies (Ossuary)
  3 hound zombies (Ossuary)
  9 mummies (Ossuary)
  2 howler monkey zombies (Ossuary)
  6 adders
  18 gnolls
  13 white imps
  12 dart slugs
  3 ribbon worms
  77 orcs
  21 endoplasms
  21 giant cockroaches
  A goblin (D:4)
  6 hobgoblins
  4 jackals (D:4)
  6 kobolds
  A quokka (D:1)
  4 ball pythons
  7 ball python zombies (Ossuary)
  2 bats
  10 frilled lizards (Sewer)
  8 rats
788 creatures vanquished.

Vanquished Creatures (others)
  A bloated husk (Swamp:1)
  2 orcs (Orc:2)
  13 foxfires (Swamp:3)
16 creatures vanquished.

Grand Total: 804 creatures vanquished

Notes
Turn   | Place    | Note
-------+----------+-------------------------------------------
     0 | D:1      | Ichorid the Spriggan Enchanter began the quest for the Orb.
     0 | D:1      | Reached XP level 1. HP: 9/9 MP: 5/5
   397 | D:1      | Reached XP level 2. HP: 13/13 MP: 6/6
   409 | D:1      | Reached skill level 5 in Stealth
   850 | D:1      | Learned a level 2 spell: Ensorcelled Hibernation
  1145 | D:2      | Found a blossoming altar of Fedhas.
  1356 | D:2      | Reached XP level 3. HP: 9/16 MP: 5/8
  2112 | D:3      | Reached skill level 6 in Stealth
  2563 | D:3      | Noticed Ijyb
  2623 | D:4      | Learned a level 3 spell: Confusing Touch
  2688 | D:4      | Found a glowing drain.
  2728 | D:4      | Reached XP level 4. HP: 21/21 MP: 9/9
  2770 | Sewer    | Entered a sewer
  3172 | Sewer    | Reached skill level 7 in Stealth
  3240 | Sewer    | Reached XP level 5. HP: 24/24 MP: 10/10
  4041 | Sewer    | Reached skill level 8 in Stealth
  4214 | D:4      | Noticed Natasha
  4220 | D:4      | Killed Natasha
  4221 | D:4      | Reached XP level 6. HP: 27/28 MP: 8/11
  4258 | D:4      | Reached skill level 5 in Short Blades
  4487 | D:4      | Found a broken altar of Ashenzari.
  4487 | D:4      | Found a white marble altar of Elyvilon.
  4488 | D:4      | Found a stormy altar of Qazlal.
  4560 | D:4      | Found a staircase to the Ecumenical Temple.
  4625 | D:4      | Noticed Natasha
  4694 | D:4      | Killed Natasha
  4729 | D:5      | Entered Level 5 of the Dungeon
  4746 | D:5      | Reached skill level 5 in Hexes
  4762 | D:5      | Reached XP level 7. HP: 28/32 MP: 6/14
  5068 | D:5      | Noticed Grinder
  5081 | D:5      | Killed Grinder
  5134 | D:5      | Noticed Edmund
  5138 | D:5      | Killed Edmund
  5338 | D:5      | Reached skill level 1 in Fighting
  5338 | D:5      | Reached XP level 8. HP: 23/37 MP: 15/15
  5422 | D:4      | Noticed Natasha
  5429 | D:4      | Killed Natasha
  5579 | D:3      | Killed Ijyb
  6159 | D:5      | Reached skill level 5 in Dodging
  6758 | D:6      | Noticed a gargoyle
  6914 | D:6      | Found a sand-covered staircase.
  6922 | Ossuary  | Entered an ossuary
  7418 | Ossuary  | Reached XP level 9. HP: 44/44 MP: 13/16
  7608 | Ossuary  | Reached skill level 9 in Stealth
  7852 | D:6      | Identified the +4 robe "Goeliar" {rF- Int+4}
  7981 | D:6      | Killed a gargoyle
  8068 | D:6      | Reached skill level 10 in Stealth
  8801 | D:7      | Noticed Pikel
  8811 | D:7      | Killed Pikel
  8812 | D:7      | Reached skill level 11 in Stealth
  8856 | D:7      | Found a shimmering blue altar of Sif Muna.
  9240 | D:7      | Reached skill level 12 in Stealth
  9357 | D:7      | Noticed Prince Ribbit
  9363 | D:7      | Killed Prince Ribbit
  9536 | D:7      | Reached skill level 5 in Spellcasting
  9536 | D:7      | Reached XP level 10. HP: 49/49 MP: 13/18
  9674 | D:8      | Found a staircase to the Lair.
  9675 | D:8      | Noticed a cane toad
  9696 | D:8      | Killed a cane toad
  9739 | D:8      | Reached skill level 5 in Fighting
  9962 | D:8      | Found an ornate altar of the Wu Jian Council.
 10555 | D:8      | Found a transporter.
 10557 | D:8      | Noticed Mll's ghost (novice GrFi)
 10574 | D:8      | Found a transporter.
 11046 | D:9      | Found Duli's Armour Boutique.
 11171 | D:9      | Found Axamos's Antique Armour Shoppe.
 12289 | D:10     | Entered Level 10 of the Dungeon
 12289 | D:10     | Noticed a two-headed ogre
 12292 | D:10     | Killed a two-headed ogre
 12469 | D:10     | Reached XP level 11. HP: 37/56 MP: 14/21
 12692 | D:10     | Reached skill level 10 in Hexes
 13049 | D:10     | Noticed a two-headed ogre
 13073 | D:10     | Killed a two-headed ogre
 13074 | D:10     | Reached skill level 10 in Short Blades
 13160 | D:10     | Identified the +6 dagger "Unlepp" {vamp, rF+}
 13348 | D:11     | Noticed a boulder beetle
 13354 | D:11     | Killed a boulder beetle
 13541 | D:11     | Reached skill level 13 in Stealth
 13681 | D:11     | Noticed Erica
 13688 | D:11     | Killed Erica
 13813 | D:11     | Noticed an orc knight
 13816 | D:11     | Reached skill level 10 in Dodging
 13837 | D:11     | Killed an orc knight
 13838 | D:11     | Reached skill level 14 in Stealth
 14314 | D:11     | Noticed a boulder beetle
 14318 | D:11     | Killed a boulder beetle
 14487 | D:11     | Found a bloodstained altar of Trog.
 14777 | D:11     | Reached skill level 15 in Stealth
 14888 | D:12     | Found Vinteub's Armour Boutique.
 15399 | D:12     | Reached XP level 12. HP: 57/61 MP: 3/22
 15508 | D:12     | Found a staircase to the Orcish Mines.
 15685 | D:12     | Found a frozen archway.
 15943 | D:12     | Noticed a boulder beetle
 16000 | D:12     | Killed a boulder beetle
 16122 | D:12     | Reached skill level 15 in Dodging
 16994 | D:13     | Noticed an eight-headed hydra
 17029 | D:13     | Killed an eight-headed hydra
 18211 | Temple   | Entered the Ecumenical Temple
 18365 | Temple   | Became a worshipper of Gozag Ym Sagoz the Greedy
 18543 | D:8      | Killed Mll's ghost
 18629 | Lair:1   | Entered Level 1 of the Lair of Beasts
 18651 | Lair:1   | You fall into a shaft and drop 1 floor!
 18728 | Lair:2   | Reached XP level 13. HP: 70/70 MP: 23/23
 19224 | Lair:1   | Reached skill level 10 in Fighting
 19638 | Lair:1   | Reached skill level 16 in Stealth
 19750 | Lair:1   | Noticed Urug
 19764 | Lair:1   | Killed Urug
 20133 | Lair:2   | Reached skill level 17 in Stealth
 20605 | Lair:2   | Reached skill level 18 in Stealth
 21081 | Lair:2   | Reached skill level 19 in Stealth
 21309 | Lair:2   | Found a staircase to the Swamp.
 21309 | Lair:2   | Noticed an eleionoma
 21329 | Lair:2   | Killed an eleionoma
 21348 | Lair:2   | Reached skill level 20 in Stealth
 21838 | Lair:3   | Reached XP level 14. HP: 77/77 MP: 20/24
 22160 | Lair:3   | Reached skill level 21 in Stealth
 22329 | Lair:3   | Found a staircase to the Snake Pit.
 22837 | Lair:4   | Identified the maw talisman of Inaction {rC+}
 23118 | Lair:4   | Reached skill level 22 in Stealth
 23409 | Lair:5   | Entered Level 5 of the Lair of Beasts
 23459 | Lair:5   | Found a gate leading to a gauntlet.
 23472 | Gauntlet | Entered a Gauntlet
 23472 | Gauntlet | Found a transporter.
 23472 | Gauntlet | Found a transporter.
 23472 | Gauntlet | Found a transporter.
 23493 | Gauntlet | Found a transporter.
 23496 | Gauntlet | Found a transporter.
 23510 | Gauntlet | Found a transporter.
 23512 | Gauntlet | Found a transporter.
 23519 | Gauntlet | Found a transporter.
 23527 | Gauntlet | Found a transporter.
 23545 | Gauntlet | Found a transporter.
 23553 | Gauntlet | Found a transporter.
 23571 | Gauntlet | Found a transporter.
 23765 | Gauntlet | Reached skill level 23 in Stealth
 23944 | Gauntlet | Identified the +4 chain mail of the Monk {Fly rF+}
 24047 | Lair:5   | Found a staircase to the Slime Pits.
 24333 | Lair:5   | Noticed Rupert
 24388 | Lair:5   | Killed Rupert
 24626 | Lair:5   | Reached skill level 24 in Stealth
 24876 | Lair:5   | Found a burning altar of Makhleb.
 24900 | Lair:5   | HP: 1/77 [smoke demon/divine providence (15)]
 25275 | Lair:5   | Reached skill level 25 in Stealth
 25389 | Lair:5   | Found a gateway to Hell.
 25697 | Orc:1    | Entered Level 1 of the Orcish Mines
 25932 | Orc:1    | You fall into a shaft and drop 1 floor!
 25932 | Orc:2    | Entered Level 2 of the Orcish Mines
 25932 | Orc:2    | Noticed an orc warlord
 25935 | Orc:2    | HP: 3/77 [orc high priest/divine providence (10)]
 26833 | Orc:2    | Found a staircase to the Elven Halls.
 26873 | Orc:2    | Reached XP level 15. HP: 79/81 MP: 11/25
 27252 | Orc:1    | Reached skill level 1 in Shapeshifting
 29295 | Orc:2    | Found Qyuzoa's General Store.
 29296 | Orc:2    | Found Bisunuec's Jewellery Shoppe.
 29298 | Orc:2    | Found Iseeruos's Antique Armour Shoppe.
 29298 | Orc:2    | Found Ahyupt's Antique Weapon Emporium.
 29303 | Orc:2    | Bought a scroll of teleportation for 48 gold pieces
 29303 | Orc:2    | Bought a potion of invisibility for 128 gold pieces
 29303 | Orc:2    | Bought a potion of curing for 48 gold pieces
 29392 | D:12     | Bought an ancient dagger for 189 gold pieces
 29392 | D:12     | Identified the +0 dagger of Kijustros {spect, *Slow rElec
                  | rCorr Dex+8} (You bought it in a shop on level 12 of the
                  | Dungeon)
 29392 | D:12     | Bought a translucent dagger for 189 gold pieces
 29392 | D:12     | Identified the +1 dagger of Malid {spect, Will+ Int+4 SInv
                  | Stlth+} (You bought it in a shop on level 12 of the
                  | Dungeon)
 29498 | D:14     | Found a gate to the Vaults.
 30179 | D:15     | Entered Level 15 of the Dungeon
 30230 | D:15     | Reached skill level 5 in Shapeshifting
 31392 | D:15     | Found a staircase to the Depths.
 31737 | Swamp:1  | Entered Level 1 of the Swamp
 32892 | Swamp:2  | Found an ancient bone altar of Kikubaaqudgha.
 34021 | Swamp:2  | Reached XP level 16. HP: 88/88 MP: 17/26
 34455 | Swamp:2  | Reached skill level 10 in Shapeshifting
 34736 | Swamp:3  | Found a transporter.
 34737 | Swamp:3  | Found a bloodstained altar of Trog.
 34739 | Swamp:3  | Noticed lurch's ghost (adept OnFE)
 34744 | Swamp:3  | Found a transporter.
 35072 | Swamp:3  | HP: 2/88 [spriggan druid/+0 quarterstaff (13)]
 35372 | Swamp:3  | Found a runed translucent door.
 36814 | Swamp:3  | Killed from afar by a spriggan druid

Illustrated notes

Levels and vault maps discovered:
D:1:      dpeg_arrival_shrine, layout_loops_corners
D:2:      layout_rooms, basic_altar
D:3:      layout_basic, uniq_ijyb
D:4:      layout_basic, gammafunk_temple_overflow_claw,
          minmay_temple_entry_antechambers, cheibrodos_sewer_entry_drain,
          uniq_natasha
D:5:      layout_cave_pods, uniq_edmund, uniq_grinder
D:6:      layout_layer_cave, chequers_ossuary_entry_cave,
          minmay_misc_feat_encased
D:7:      layout_rooms, mainiacjoe_overflow_small_starburst, uniq_pikel,
          uniq_prince_ribbit1
D:8:      layout_basic, mainiacjoe_overflow_concentric_impassable,
          dpeg_lair_monsters, gammafunk_ghost_stat_death
D:9:      layout_cave_pods, serial_shops, nicolae_shop_tiny_glass,
          kennysheep_little_box
D:10:     layout_roguey, nicolae_elevator_lobby_asterisk
D:11:     kennysheep_blocky_room, layout_basic, tgw_trog, uniq_erica
D:12:     layout_stronghold, david_orc_3, serial_undead, serial_undead_a,
          serial_undead_f, serial_undead_e, serial_undead_a, serial_undead_a,
          serial_undead_f, serial_undead_e, portal_ice_cave_entry_imps,
          nicolae_stop_n_shop_2, serial_bayou_lagoon_a
D:13:     layout_gridville
D:14:     layout_small_grid, david_vaults_2, chequers_serial_rivers_micro_a,
          kennysheep_generic_room_12
D:15:     grunt_enter_depths_hoard, layout_gridville, minivault_11
Temple:   minmay_crystal_spiral_temple
Lair:1:   layout_chaotic_city, hangedman_lair_generics_rect, grunt_megastairs_1,
          uniq_urug
Lair:2:   layout_regular_city, alex1729_swamp_entry_worm_eleionoma,
          grunt_megastairs_2, lemuel_fruit_fields
Lair:3:   layout_loops_ring, nicolae_snake_entry_squirm
Lair:4:   layout_cave_shapes, hellmonk_talismancer, grunt_megastairs_3,
          infiniplex_staircase_pool
Lair:5:   evil_forest, layout_gridlike, nicolae_slime_entry_field_trip,
          gauntlet_entry_generic, uniq_rupert
Swamp:1:  layout_basic_swamp, evilmike_swamp_ruin_house_5
Swamp:2:  layout_falls_marsh, evilmike_swamp_ruin_house_3, hangedman_swamp_cone,
          swamp_pool_1_2, hangedman_swamp_blocks, nicolae_swamp_godswood,
          cheibrodos_swamp_witchery
Swamp:3:  gammafunk_mikee_crab_dinner, layout_falls_marsh,
          gammafunk_ghost_wrathful_warriors, evilmike_swamp_ruin_rubble_2,
          infiniplex_staircase_pool_2
Orc:1:    layout_caves
Orc:2:    st_orc_congregation, layout_caves, nicolae_volcano_entry_s_turn,
          mines1_david

Skill      XL: |  1  2  3  4  5  6  7  8  9 10 11 12 13 14 15 16 |
---------------+-------------------------------------------------+-----
Stealth        | 5 6 7 8 12 15 20 25 | 25.0
Short Blades   | 2 3 4 5 8 9 10 | 10.0
Spellcasting   | 4 5 6 |  6.0
Hexes          | 5 8 9 10 | 10.0
Dodging        | 3 8 12 15 17 | 17.8
Fighting       | 1 3 6 9 10 11 | 11.9
Shapeshifting  | 9 11 | 11.4

Action                     |  1- 3 |  4- 6 |  7- 9 | 10-12 | 13-15 | 16-18 || total
---------------------------+-------+-------+-------+-------+-------+-------++-------
  Melee: Dagger            |   104 |   144 |   318 |   472 |   851 |   196 ||  2085
         Punch             |     2 |     2 |    25 |    34 |    90 |    27 ||   180
   Cast: Ensorcelled Hiber |    29 |    65 |    68 |   168 |   396 |     8 ||   734
         Confusing Touch   |       |       |    31 |    45 |    59 |    20 ||   155
 Invoke: Potion Petition   |       |       |       |       |     1 |       ||     1
         Call Merchant     |       |       |       |       |     4 |       ||     4
  Evoke: Wand              |       |       |     2 |    20 |     3 |     3 ||    28
         Phial of floods   |       |       |       |       |       |     1 ||     1
    Use: Potion            |     2 |       |     2 |     1 |     3 |     5 ||    13
         Scroll            |       |       |     1 |    10 |    15 |     5 ||    31
   Stab: Sleeping          |    30 |    54 |    47 |   113 |   252 |    14 ||   510
         Confused          |       |       |    27 |    39 |    60 |    12 ||   138
         Invisible         |       |       |     5 |       |     5 |     1 ||    11
         Distracted        |       |       |     2 |     4 |    17 |     2 ||    25
 Armour: Robe              |    31 |    43 |    52 |   133 |   244 |    60 ||   563
         Skin              |       |       |       |       |       |    24 ||    24
  Dodge: Dodged            |    91 |   111 |   202 |   485 |  1167 |   110 ||  2166
         Repelled          |       |     3 |     1 |     7 |     5 |     4 ||    20

Table legend: (Time is in decaauts)
 A = Elapsed time spent in this place.
 B = Non-inter-level travel time spent in this place.
 C = Inter-level travel time spent in this place.
 D = Time resting spent in this place.
 E = Time spent auto-exploring this place.
 F = Levels seen in this place.
 G = Mean time per level.
                   A        B        C        D        E       F      G
               +--------+--------+--------+--------+--------+-----+--------+
         Total |  28325 |  26714 |   1611 |   6128 |  15824 |  29 |  976.7 |
       Dungeon |  13911 |  12832 |   1079 |   1903 |   8766 |  15 |  927.4 |
        Temple |    105 |      1 |    104 |      0 |      0 |   1 |  105.0 |
          Lair |   5029 |   4823 |    206 |   1017 |   2993 |   5 | 1005.8 |
         Swamp |   3720 |   3587 |    133 |   1347 |   1716 |   3 | 1240.0 |
  Orcish Mines |   3063 |   2975 |     88 |   1240 |   1168 |   2 | 1531.5 |
         Sewer |   1337 |   1337 |      0 |    461 |    523 |   1 | 1337.0 |
       Ossuary |    761 |    761 |      0 |    158 |    372 |   1 |  761.0 |
      Gauntlet |    398 |    398 |      0 |      0 |    284 |   1 |  398.0 |
               +--------+--------+--------+--------+--------+-----+--------+

Top non-repeatable levels by time:
   Orc:1: 1802 daAuts
 Swamp:3: 1736 daAuts
    D:12: 1648 daAuts
   Sewer: 1337 daAuts
  Lair:1: 1324 daAuts
  Lair:2: 1277 daAuts
   Orc:2: 1260 daAuts
    D:11: 1255 daAuts
 Swamp:1: 1223 daAuts
  Lair:5: 1223 daAuts
     D:9: 1162 daAuts
     D:8: 1122 daAuts
     D:6: 1086 daAuts
     D:5: 1027 daAuts
    D:15: 894 daAuts
